PA
YELLOWKNIFE DRAGONBLOOD @ NEBRASKA PLAINSMEN
09/01/2028
 
TOP OF THE 1ST
Yellowknife Dragonblood batting - Pitching for Nebraska Plainsmen : LHP Alberto Bahe
Pitching: LHP Alberto Bahe
Batting: RHB Mareka Naidoo 0-0: Called Strike
0-1: Ball
1-1: Foul Ball, location: 2F
1-2: Foul Ball, location: 2F
1-2: DOUBLE (Line Drive, 78D)
Batting: RHB Alejandro Bracamonte 0-0: Called Strike
0-1: Foul Ball, location: 2F
0-2: Ground out 5-3 (Groundball, 56)
Batting: RHB Orlando Moruga 0-0: Fly out, F3 (Line Drive, 34)
Batting: RHB Fernando González 0-0: Ball
1-0: Ball
2-0: Called Strike
2-1: Ball
3-1: Fly out, F8 (Flyball, 8RXD)
Top of the 1st over - 0 run(s), 1 hit(s), 0 error(s), 1 left on base; Yellowknife 0 - Nebraska 0
BOTTOM OF THE 1ST
Nebraska Plainsmen batting - Pitching for Yellowknife Dragonblood : LHP Fernando Elías
Pitching: LHP Fernando Elías
Batting: RHB Amos Bies 0-0: Ball
1-0: Ball
2-0: Swinging Strike
2-1: Foul Ball, location: 2F
2-2: Foul Ball, location: 2F
2-2: SINGLE (Line Drive, 34)
Batting: LHB Gerardo Ponce de Leon 0-0: Swinging Strike
0-1: Ball
1-1: SINGLE (Flyball, 7S)
Amos Bies to second
Batting: SHB Keyveat Postell 0-0: Ball
1-0: Ball
2-0: Called Strike
2-1: Foul Ball, location: 2F
2-2: Ball
3-2: Strikes out swinging
Batting: LHB Josh Platt 0-0: Called Strike
0-1: Foul Ball, location: 2F
0-2: Ball
1-2: Foul Ball, location: 2F
1-2: Foul Ball, location: 2F
1-2: Foul Ball, location: 2F
1-2: Foul Ball, location: 2F
1-2: Strikes out looking
Batting: RHB Alco Compagne 0-0: Foul Ball, location: 2F
0-1: Fly out, F4 (Line Drive, 4)
Bottom of the 1st over - 0 run(s), 2 hit(s), 0 error(s), 2 left on base; Yellowknife 0 - Nebraska 0
TOP OF THE 2ND
Yellowknife Dragonblood batting - Pitching for Nebraska Plainsmen : LHP Alberto Bahe
Batting: RHB Riley Walker 0-0: Ball
1-0: SINGLE (Line Drive, 78M)
Batting: RHB Manuel Ramos 0-0: Swinging Strike
0-1: Ball
1-1: Ball
2-1: Fly out, F3 (Line Drive, 34)
Lined into DP, U3 (Line Drive, 34)
Batting: RHB Juan López 0-0: Called Strike
0-1: Foul Ball, location: 2F
0-2: Ball
1-2: Ball
2-2: Ball
3-2: Fly out, F9 (Flyball, 9S)
Top of the 2nd over - 0 run(s), 1 hit(s), 0 error(s), 0 left on base; Yellowknife 0 - Nebraska 0
BOTTOM OF THE 2ND
Nebraska Plainsmen batting - Pitching for Yellowknife Dragonblood : LHP Fernando Elías
Batting: LHB Gilberto Moreno 0-0: Called Strike
0-1: Called Strike
0-2: Ball
1-2: Ball
2-2: Ball
3-2: Foul Ball, location: 2F
3-2: Ground out 4-3 (Groundball, 4)
Batting: RHB Harith Karim 0-0: Swinging Strike
0-1: Swinging Strike
0-2: Fly out, F9 (Flyball, 89M)
Batting: LHB Elian Gonzalez 0-0: Ball
1-0: Fly out, F7 (Flyball, 78M)
Bottom of the 2nd over - 0 run(s), 0 hit(s), 0 error(s), 0 left on base; Yellowknife 0 - Nebraska 0
TOP OF THE 3RD
Yellowknife Dragonblood batting - Pitching for Nebraska Plainsmen : LHP Alberto Bahe
Batting: RHB José García 0-0: Ball
1-0: Called Strike
1-1: Ground out 6-3 (Groundball, 6)
Batting: RHB Chong-yee Au-Yong 0-0: Fly out, F5 (Popup, 56)
Batting: RHB Mareka Naidoo 0-0: Foul Ball, location: 2F
0-1: Called Strike
0-2: Ball
1-2: Strikes out looking
Top of the 3rd over - 0 run(s), 0 hit(s), 0 error(s), 0 left on base; Yellowknife 0 - Nebraska 0
BOTTOM OF THE 3RD
Nebraska Plainsmen batting - Pitching for Yellowknife Dragonblood : LHP Fernando Elías
Batting: LHB Michael Cochran 0-0: Foul Ball, location: 2F
0-1: Foul Ball, location: 2F
0-2: Strikes out swinging
Batting: RHB Amos Bies 0-0: Called Strike
0-1: Ball
1-1: Called Strike
1-2: Foul Ball, location: 2F
1-2: Foul Ball, location: 2F
1-2: Ball
2-2: Ground out 4-3 (Groundball, 4)
Batting: LHB Gerardo Ponce de Leon 0-0: Ball
1-0: Called Strike
1-1: Fly out, F7 (Flyball, 7S)
Bottom of the 3rd over - 0 run(s), 0 hit(s), 0 error(s), 0 left on base; Yellowknife 0 - Nebraska 0
TOP OF THE 4TH
Yellowknife Dragonblood batting - Pitching for Nebraska Plainsmen : LHP Alberto Bahe
Batting: RHB Alejandro Bracamonte 0-0: Fly out, F8 (Line Drive, 8LM)
Batting: RHB Orlando Moruga 0-0: Ball
1-0: Foul Ball, location: 2F
1-1: DOUBLE (Flyball, 8RD)
Batting: RHB Fernando González 0-0: Ground out 5-3 (Groundball, 5L)
Batting: RHB Riley Walker 0-0: Ball
1-0: Ball
2-0: Ground out 5-3 (Groundball, 56)
Top of the 4th over - 0 run(s), 1 hit(s), 0 error(s), 1 left on base; Yellowknife 0 - Nebraska 0
BOTTOM OF THE 4TH
Nebraska Plainsmen batting - Pitching for Yellowknife Dragonblood : LHP Fernando Elías
Batting: SHB Keyveat Postell 0-0: Called Strike
0-1: Foul Ball, location: 2F
0-2: Ball
1-2: Foul Ball, location: 2F
1-2: Ball
2-2: Ground out 6-3 (Groundball, 6)
Batting: LHB Josh Platt 0-0: Foul Ball, location: 2F
0-1: Ball
1-1: Ball
2-1: Foul Ball, location: 2F
2-2: Foul Ball, location: 2F
2-2: DOUBLE (Flyball, 9D)
Batting: RHB Alco Compagne 0-0: Fly out, F8 (Flyball, 8LM)
Batting: LHB Gilberto Moreno 0-0: Foul Ball, location: 2F
0-1: Ball
1-1: Ball
2-1: Foul Ball, location: 2F
2-2: Fly out, F8 (Flyball, 8RM)
Bottom of the 4th over - 0 run(s), 1 hit(s), 0 error(s), 1 left on base; Yellowknife 0 - Nebraska 0
TOP OF THE 5TH
Yellowknife Dragonblood batting - Pitching for Nebraska Plainsmen : LHP Alberto Bahe
Batting: RHB Manuel Ramos 0-0: Fly out, F8 (Flyball, 8LM)
Batting: RHB Juan López 0-0: Ball
1-0: Called Strike
1-1: Called Strike
1-2: Ground out 4-3 (Groundball, 4)
Batting: RHB José García 0-0: Ball
1-0: Ground out 5-3 (Groundball, 56S)
Top of the 5th over - 0 run(s), 0 hit(s), 0 error(s), 0 left on base; Yellowknife 0 - Nebraska 0
BOTTOM OF THE 5TH
Nebraska Plainsmen batting - Pitching for Yellowknife Dragonblood : LHP Fernando Elías
Batting: RHB Harith Karim 0-0: Foul Ball, location: 2F
0-1: Ground out 4-3 (Groundball, 4)
Batting: LHB Elian Gonzalez 0-0: Ball
1-0: Swinging Strike
1-1: Ball
2-1: Called Strike
2-2: SINGLE (Line Drive, 8LS)
Batting: LHB Michael Cochran 0-0: Ball
1-0: Ball
2-0: Foul Ball, location: 2F
2-1: Foul Ball, location: 2F
2-2: Foul Ball, location: 2F
2-2: Ground out 5-3 (Groundball, 56S)
Elian Gonzalez to second
Batting: RHB Amos Bies 0-0: Called Strike
0-1: Foul Ball, location: 2F
0-2: Strikes out swinging
Bottom of the 5th over - 0 run(s), 1 hit(s), 0 error(s), 1 left on base; Yellowknife 0 - Nebraska 0
TOP OF THE 6TH
Yellowknife Dragonblood batting - Pitching for Nebraska Plainsmen : LHP Alberto Bahe
Batting: RHB Chong-yee Au-Yong 0-0: Ball
1-0: Foul Ball, location: 2F
1-1: Fly out, F5 (Popup, 5)
Batting: RHB Mareka Naidoo 0-0: Called Strike
0-1: Ball
1-1: Ball
2-1: Foul Ball, location: 2F
2-2: Strikes out looking
Batting: RHB Alejandro Bracamonte 0-0: Ball
1-0: Called Strike
1-1: Foul Ball, location: 2F
1-2: SINGLE (Line Drive, 6D)
Batting: RHB Orlando Moruga 0-0: Ball
1-0: Called Strike
1-1: Called Strike
1-2: Ball
Alejandro Bracamonte is caught stealing 2nd base
Top of the 6th over - 0 run(s), 1 hit(s), 0 error(s), 0 left on base; Yellowknife 0 - Nebraska 0
BOTTOM OF THE 6TH
Nebraska Plainsmen batting - Pitching for Yellowknife Dragonblood : LHP Fernando Elías
Batting: LHB Gerardo Ponce de Leon 0-0: Called Strike
0-1: Fly out, F8 (Flyball, 89M)
Batting: SHB Keyveat Postell 0-0: Called Strike
0-1: Fly out, F8 (Flyball, 8LD)
Batting: LHB Josh Platt 0-0: Ball
1-0: SINGLE (Groundball, 34) (infield hit)
Batting: RHB Alco Compagne 0-0: DOUBLE (Line Drive, 7LD)
Josh Platt to third
Runner from 3rd tries for Home, SAFE, no throw
Batting: LHB Gilberto Moreno 0-0: Foul Ball, location: 2F
0-1: Ball
1-1: Ball
2-1: Called Strike
2-2: Ball
3-2: Strikes out swinging
Bottom of the 6th over - 1 run(s), 2 hit(s), 0 error(s), 1 left on base; Yellowknife 0 - Nebraska 1
TOP OF THE 7TH
Yellowknife Dragonblood batting - Pitching for Nebraska Plainsmen : LHP Alberto Bahe
Batting: RHB Orlando Moruga 0-0: Called Strike
0-1: Ball
1-1: Foul Ball, location: 2F
1-2: Ball
2-2: Strikes out swinging
Batting: RHB Fernando González 0-0: Ground out 4-3 (Groundball, 4)
Batting: RHB Riley Walker 0-0: Ball
1-0: Ball
2-0: Called Strike
2-1: Called Strike
2-2: Ground out 4-3 (Groundball, 4)
Top of the 7th over - 0 run(s), 0 hit(s), 0 error(s), 0 left on base; Yellowknife 0 - Nebraska 1
BOTTOM OF THE 7TH
Nebraska Plainsmen batting - Pitching for Yellowknife Dragonblood : LHP Fernando Elías
Batting: RHB Harith Karim 0-0: Ball
1-0: Foul Ball, location: 2F
1-1: Ball
2-1: SINGLE (Line Drive, 6D)
Batting: LHB Elian Gonzalez 0-0: Sac Bunt - play at first, batter OUT! 1-3
Harith Karim to second
Pinch Hitting: RHB Lloyd Raaijmakers 0-0: Intentional Walk
Pitching: LHP Roberto Muñóz
Batting: RHB Amos Bies 0-0: Foul Ball, location: 2F
0-1: Called Strike
0-2: Strikes out swinging
Pinch Hitting: RHB José Bravo 0-0: Ball
1-0: Called Strike
1-1: Foul Ball, location: 2F
1-2: Foul Ball, location: 2F
1-2: Ball
2-2: Ground out 1-3 (Groundball, 13S)
Bottom of the 7th over - 0 run(s), 1 hit(s), 0 error(s), 2 left on base; Yellowknife 0 - Nebraska 1
TOP OF THE 8TH
Yellowknife Dragonblood batting - Pitching for Nebraska Plainsmen : LHP Alberto Bahe
Now at SS: Lloyd Raaijmakers
Now in CF: Jen-djieh Cheung
Batting: RHB Manuel Ramos 0-0: Ball
1-0: Swinging Strike
1-1: Fly out, F2 (Popup, 3S)
Batting: RHB Juan López 0-0: Ball
1-0: Called Strike
1-1: Foul Ball, location: 2F
1-2: Ball
2-2: Strikes out swinging
Batting: RHB José García 0-0: Ball
1-0: Ground out 4-3 (Groundball, 4)
Top of the 8th over - 0 run(s), 0 hit(s), 0 error(s), 0 left on base; Yellowknife 0 - Nebraska 1
BOTTOM OF THE 8TH
Nebraska Plainsmen batting - Pitching for Yellowknife Dragonblood : LHP Roberto Muñóz
Batting: SHB Keyveat Postell 0-0: Called Strike
0-1: Foul Ball, location: 2F
0-2: Ball
1-2: Strikes out swinging
Batting: LHB Josh Platt 0-0: Ball
1-0: Ball
2-0: Foul Ball, location: 2F
2-1: Ball
3-1: Foul Ball, location: 2F
3-2: Ground out 3-1 (Groundball, 34S)
Batting: RHB Alco Compagne 0-0: Ball
1-0: Called Strike
1-1: Ball
2-1: Ball
3-1: Called Strike
3-2: Foul Ball, location: 2F
3-2: Foul Ball, location: 2F
3-2: Base on Balls
Pinch Runner at 1st Matthias Ballerini:
Batting: LHB Gilberto Moreno 0-0: Called Strike
0-1: Ball
1-1: Ball
2-1: Ball
3-1: Swinging Strike
3-2: Strikes out swinging
Bottom of the 8th over - 0 run(s), 0 hit(s), 0 error(s), 1 left on base; Yellowknife 0 - Nebraska 1
TOP OF THE 9TH
Yellowknife Dragonblood batting - Pitching for Nebraska Plainsmen : LHP Alberto Bahe
Now at C: José Muñóz
Now in LF: Matthias Ballerini
Batting: RHB Chong-yee Au-Yong 0-0: Ball
1-0: Ball
2-0: Foul Ball, location: 2F
2-1: Foul Ball, location: 2F
2-2: Foul Ball, location: 2F
2-2: Foul Ball, location: 2F
2-2: Ball
3-2: Foul Ball, location: 2F
3-2: Base on Balls
Pitching: LHP I-tsing Ts'ong
Pinch Runner at 1st Gonzalo Vásquez:
Batting: RHB Mareka Naidoo 0-0: Ball
1-0: Sac Bunt - play at first, batter OUT! 1-4
Gonzalo Vásquez to second
Batting: RHB Alejandro Bracamonte 0-0: Ball
1-0: Called Strike
1-1: Ball
2-1: Ball
3-1: Called Strike
3-2: Ground out 6-3 (Groundball, 6)
Pinch Hitting: SHB Barney Heise 0-0: Ball
1-0: Foul Ball, location: 2F
1-1: Ball
2-1: Swinging Strike
2-2: Ball
3-2: Foul Ball, location: 2F
3-2: Hit by Pitch
Batting: RHB Fernando González 0-0: Ball
1-0: Foul Ball, location: 2F
1-1: Foul Ball, location: 2F
1-2: Fielders Choice at 2nd, 4-6 (Groundball, 4D)
Top of the 9th over - 0 run(s), 0 hit(s), 0 error(s), 1 left on base; Yellowknife 0 - Nebraska 1
Thursday, August 31st, 2017 - OOTP Baseball 17.12 Build 75